 Dungeon Crawl Stone Soup version bcrawl-1.27.3 (webtiles) character file.

Game seed: 4937873534853385478

254310 Mukuu the Geomancer (level 9, 0/45 HPs)
             Began as a Fairy Earth Elementalist on Oct 17, 2020.
             Was a Believer of Vehumet.
             Killed by divine providence
             ... invoked by an orc priest
              (10 damage)
             ... on level 7 of the Dungeon.
             The game lasted 00:11:48 (7069 turns).

Mukuu the Geomancer (Fairy Earth Elementalist)      Turns: 7069, Time: 00:11:49

Health: 0/45       AC:  8    Str:  6    XL:     9   Next: 60%
Magic:  7/24       EV: 16    Int: 22    God:    Vehumet [**....]
Gold:   821        SH:  6    Dex: 13    Spells: 18/26 levels left

rFire    . . .     SeeInvis .   d - +0 spear
rCold    . . .     Gourm    .   (shield restricted)
rNeg     . . .     Faith    .   (armour unavailable)
rPois    .         Spirit   .   C - +0 helmet
rElec    .         Reflect  .   (no cloak)
rCorr    +         Harm     .   (no gloves)
MR       +....                  u - +0 pair of boots (curse)
Stlth    +.........             (no amulet)
HPRegen  0.15/turn              f - ring of resist corrosion
MPRegen  0.19/turn              x - ring of protection from magic

@: flying evasively
A: small, magic attunement, unstealthy, unfitting armour, frail 1, MP-powered
wands, able to fly, AC/SH +6
a: Stop Flying, Renounce Religion


You were on level 7 of the Dungeon.
You worshipped Vehumet.
Vehumet was pleased with you.
You were not hungry.

You visited 2 branches of the dungeon, and saw 8 of its levels.
You also visited: Sewer and Ossuary.

You collected 821 gold pieces.

Inventory:

Hand Weapons
 d - a +0 spear (weapon)
 E - the +5 flail "Killer Klown's Doom" {freeze, *Corrode rPois rF+, unknown}
   (You found it on level 7 of the Dungeon)

   It has been specially enchanted to freeze those struck by it, increasing
   damage dealt by approximately one third against foes not resistant or
   susceptible to cold, and potentially slowing cold-blooded foes.
   It protects you from fire.
   It protects you from poison.
   It may corrode you when you take damage.
Missiles
 b - 579 stones (quivered)
 v - 958 arrows
Armour
 u - a cursed +0 pair of boots (worn)
 C - a +0 helmet (worn)
Jewellery
 f - a ring of resist corrosion (left hand)
 x - a ring of protection from magic (right hand)
Wands
 a - a wand of clouds (6)
 F - a wand of disintegration (12)
Scrolls
 c - 4 scrolls of fear {unknown}
 g - 4 scrolls of remove curse {unknown}
 k - 8 scrolls of teleportation
 m - 2 scrolls of amnesia {unknown}
 o - a scroll of immolation {unknown}
 s - 2 scrolls of blinking {unknown}
 t - a scroll of enchant weapon {unknown}
 w - 3 scrolls of fog {unknown}
 y - 2 scrolls of magic mapping {unknown}
 z - a scroll of enchant armour {unknown}
Potions
 h - 5 potions of heal wounds
 i - 6 potions of curing
 j - a potion of resistance
 l - a potion of cancellation
 n - 4 potions of brilliance
 p - 3 potions of might
 q - 2 potions of invisibility
 r - 3 potions of haste
 B - a potion of berserk rage {unknown}
 D - 2 potions of magic {unknown}
Comestibles
 e - 17 rations {!d}
 A - a chunk of flesh


   Skills:
 - Level 2.6 Dodging
 - Level 1.5 Stealth
 + Level 9.1 Spellcasting
 + Level 8.2 Conjurations
 - Level 3.0 Transmutations
 + Level 9.5 Earth Magic


You had 18 spell levels left.
You knew the following spells:

 Your Spells              Type           Power        Failure   Level  Hunger
a - Sandblast             Erth           ######       1%          1    None
b - Stone Arrow           Conj/Erth      #####.       1%          3    None
c - Sticks to Snakes      Tmut           ###.....     3%          2    None
d - Searing Ray           Conj           #####...     1%          2    None

Your spell library contained the following spells:

 Spells                   Type           Power        Failure   Level  Hunger
 Beastly Appendage        Tmut           ###...       1%          1    None
 Passwall                 Tmut/Erth      #####...     1%          2    None
 Lee's Rapid Deconstruct  Erth           ######....   1%          5    None
 Petrify                  Tmut/Erth      #####.....   4%          4    None
 Spider Form              Tmut/Pois      ###          11%         3    None
 Ice Form                 Ice/Tmut       ###.....     34%         4    None
 Blade Hands              Tmut           ###.......   47%         5    None


Dungeon Overview and Level Annotations

Branches:
Dungeon (7/12)             Temple (1/1) D:4
   Lair: D:7-9

Altars:
Ashenzari
Dithmenos
Elyvilon
Fedhas
Gozag
Hepliaklqana
Kikubaaqudgha
Lugonu
Makhleb
Nemelex Xobeh
Okawaru
Qazlal
Ru
Sif Muna
Vehumet
Wu Jian
Xom
Yredelemnul
Zin
The Shining One


Innate Abilities, Weirdness & Mutations

Your spells do not cause hunger and MP costs are reduced by 1.
Your bright wings attract enemies. (Stealth-)
You cannot fit into any form of body armour.
Your shimmering scales are hard and can block incoming attacks. (AC +6, SH +6)
You are small and have problems with some larger weapons.
You can fly continuously.
You are frail. (-10% HP)
You expend magic power (3 MP) to strengthen your wands.


Message History

* * * LOW HITPOINT WARNING * * *
Your adder bites the orc.
The orc is poisoned.
Your adder poisons the orc!
The orc misses you. The orc misses your adder.
The killer bee completely misses your adder.
The killer bee stings your adder!
Your adder dies!
Casting: Searing Ray (safe; 1% risk of failure)
Confirm with . or Enter, or press ? or * to list all spells.
You create a snake!
You now have arrows for 97 snakes.
The orc misses you.
Casting: Sticks to Snakes (safe; 3% risk of failure)
Confirm with . or Enter, or press ? or * to list all spells.
You create 2 snakes!
You now have arrows for 95 snakes.
The killer bee closely misses your adder.
The orc misses you. The orc barely misses you.
An adder comes into view.
The killer bee stings something.
The killer bee barely misses your ball python.
The orc priest mumbles some strange prayers to Beogh against you.
Beogh smites you!
You die...

# #>..........#≈#.... .#.
# ###..........#≈#....
...##.#≈#...........≈.....
(....<#≈#...<.......≈.)...
.#.#..#≈#.......#...≈....#
......)y.)......##.###..##
.S...†yoy.......#### ####
...)o.yo.S......#
......#S#@S.....#
......#≈#.......# .....
###?...#### #... #......
#... .....#.# . ........#
.....## ...>#.#


You could see 4 killer bees, an orc priest, 2 orcs and 2 friendly ball pythons.

Vanquished Creatures
  Pikel (D:6)
  A troll (D:7)
  Sigmund (D:2)
  A hungry ghost (D:6)
  An ice beast (D:6)
  A phantom (D:4)
  A slave (D:6)
  2 ogres
  A centaur (D:6)
  A big kobold (D:7)
  A bullfrog (D:7)
  A scorpion (D:6)
  A killer bee (D:7)
  3 crimson imps
  2 centaur zombies
  2 hounds
  A jelly (D:6)
  An orc priest (D:7)
  A centaur skeleton (D:5)
  Terence (D:2)
  4 iguanas
  5 worker ants
  5 orc wizards
  A hound zombie (D:7)
  8 mummies (Ossuary)
  4 adders
  A howler monkey skeleton (D:4)
  An ooze (D:3)
  An adder zombie (D:5)
  4 worms
  A dart slug (D:5)
  4 leopard geckos
  17 orcs
  9 ball pythons
  2 bats
  3 giant cockroaches
  8 goblins
  9 hobgoblins
  10 jackals
  8 quokkas
  4 frilled lizards
  A gnoll zombie (Ossuary)
  A hobgoblin zombie (Ossuary)
  17 kobolds
  5 kobold zombies (Ossuary)
  An orc zombie (Ossuary)
  A quokka skeleton (D:4)
  2 rats
162 creatures vanquished.

Vanquished Creatures (collateral kills)
  3 kobolds (D:7)
3 creatures vanquished.

Vanquished Creatures (others)
  A bullfrog (D:6)
1 creature vanquished.

Grand Total: 166 creatures vanquished

Notes
Turn   | Place    | Note
-------+----------+-------------------------------------------
     0 | D:1      | Mukuu the Fairy Earth Elementalist began the quest for the
                  | Orb.
     0 | D:1      | Reached XP level 1. HP: 11/11 MP: 6/6
   192 | D:1      | Reached XP level 2. HP: 17/17 MP: 8/8
  1064 | D:2      | Reached XP level 3. HP: 21/21 MP: 10/10
  1069 | D:2      | Learned a level 3 spell: Stone Arrow
  1077 | D:2      | Found a shattered altar of Ashenzari.
  1089 | D:2      | Noticed Terence
  1337 | D:2      | Noticed Sigmund
  1341 | D:2      | Killed Sigmund
  1341 | D:2      | Reached skill level 5 in Earth Magic
  1341 | D:2      | Reached XP level 4. HP: 19/27 MP: 9/12
  1341 | D:2      | Reached XP level 5. HP: 22/31 MP: 10/14
  1382 | D:2      | Found a shadowy altar of Dithmenos.
  1385 | D:2      | Found a corrupted altar of Lugonu.
  1386 | D:2      | Found a glowing golden altar of the Shining One.
  1392 | D:2      | Found an iron altar of Okawaru.
  1392 | D:2      | Found a sacrificial altar of Ru.
  1816 | D:2      | Killed Terence
  1912 | D:2      | Reached XP level 6. HP: 36/36 MP: 12/15
  2004 | D:3      | Reached skill level 5 in Spellcasting
  2504 | D:3      | Found a burning altar of Makhleb.
  2994 | D:4      | Noticed a phantom
  2999 | D:4      | Killed a phantom
  3112 | D:4      | Found a staircase to the Ecumenical Temple.
  3127 | D:4      | Reached XP level 7. HP: 41/41 MP: 9/17
  3129 | Temple   | Entered the Ecumenical Temple
  3275 | Temple   | Became a worshipper of Vehumet
  3331 | D:4      | Found a glowing drain.
  3355 | D:4      | Learned a level 2 spell: Sticks to Snakes
  3394 | Sewer    | Entered a sewer
  4297 | D:4      | Reached * piety under Vehumet
  4297 | D:4      | Offered knowledge of Flame Tongue by Vehumet.
  4809 | D:5      | Entered Level 5 of the Dungeon
  5090 | D:5      | Reached skill level 5 in Conjurations
  5133 | D:5      | Reached XP level 8. HP: 46/46 MP: 14/19
  5489 | D:5      | Found a shimmering blue altar of Sif Muna.
  5892 | D:6      | Found a sand-covered staircase.
  5896 | Ossuary  | Entered an ossuary
  5945 | Ossuary  | Reached ** piety under Vehumet
  5945 | Ossuary  | Offered knowledge of Throw Frost by Vehumet.
  6134 | D:6      | Gained mutation: You are frail. (-10% HP) [potion of
                  | mutation]
  6134 | D:6      | Gained mutation: You expend magic power (3 MP) to
                  | strengthen your wands. [potion of mutation]
  6344 | D:6      | Found a burning altar of Makhleb.
  6353 | D:6      | Found a shimmering altar of Xom.
  6353 | D:6      | Found a glowing silver altar of Zin.
  6424 | D:6      | Noticed Pikel
  6434 | D:6      | Killed Pikel
  6434 | D:6      | Reached XP level 9. HP: 45/45 MP: 21/23
  6984 | D:7      | Got a faintly glowing flail
  6996 | D:7      | Offered knowledge of Searing Ray by Vehumet.
  7000 | D:7      | Learned a level 2 spell: Searing Ray
  7040 | D:7      | Noticed a troll
  7049 | D:7      | Killed a troll
  7069 | D:7      | Killed from afar by an orc priest

Skill      XL: |  1  2  3  4  5  6  7  8  9 |
---------------+----------------------------+-----
Spellcasting   | 3 4 5 6 8 9 |  9.1
Earth Magic    | 4 5 6 8 9 |  9.5
Conjurations   | 2 3 4 5 7 8 |  8.2
Transmutations | 2 3 |  3.0
Dodging        | |  2.6
Stealth        | |  1.5

Action                   |  1- 3 |  4- 6 |  7- 9 || total
-------------------------+-------+-------+-------++-------
Melee: Spear             |    69 |    19 |       ||    88
 Cast: Sandblast         |    18 |    14 |    23 ||    55
       Stone Arrow       |     2 |    39 |   148 ||   189
       Sticks to Snakes  |       |       |     4 ||     4
       Searing Ray       |       |       |     3 ||     3
  Use: Scroll            |       |     5 |     6 ||    11
       Potion            |       |       |     1 ||     1
  Eat: Chunk             |     3 |     7 |    15 ||    25
Armor: Skin              |     4 |     2 |     9 ||    15
Dodge: Dodged            |    48 |    16 |    22 ||    86
Block: Other             |    11 |     9 |    15 ||    35
